 Dungeon Crawl Stone Soup version 0.30.0-10-gfe55d96785 (webtiles) character file.

Game seed: 14049042848536300941

43432 qw the Severer (level 14, -8/92 HPs)
             Began as a Gargoyle Cinder Acolyte on May 16, 2023.
             Was a Priest of Okawaru.
             Mangled by a red devil
             ... wielding a +0 trident
             ... summoned by an obsidian statue
              (15 damage)
             ... on level 5 of the Lair of Beasts.
             The game lasted 00:08:39 (17954 turns).

qw the Severer (Gargoyle Cinder Acolyte)           Turns: 17954, Time: 00:08:40

Health: -8/92      AC: 34    Str: 26    XL:     14   Next: 24%
Magic:  19/20      EV:  9    Int: 15    God:    Okawaru [***...]
Gold:   944        SH:  6    Dex:  5    Spells: 15/15 levels left

rFire   + + +        Y - +4 broad axe (venom)
rCold   + + .        l - +0 buckler
rNeg    + . .        j - +0 plate armour
rPois   inf          (no helmet)
rElec   +            v - +2 cloak {rPois}
rCorr   .            h - +0 pair of gloves
SInv    .            d - +0 pair of boots
Will    +....        g - amulet of regeneration Stlth
                     b - ring "Nog Zora" {rF+ Str+3 Slay+4}
HPRegen 1.15/turn    x - ring of the Screaming Gods {rF+ rC++}
MPRegen 0.17/turn

%: no passive effects
@: heroic, spiked, flying, mesmerised
A: sickness immunity, AC +10, big wings, negative energy resistance 1,
electricity resistance, torment resistance 1, petrification resistance, fire
resistance 1, high MP 1
a: Renounce Religion, Heroism


You were on level 5 of the Lair of Beasts.
You worshipped Okawaru.
Okawaru was most pleased with you.
You visited 2 branches of the dungeon, and saw 17 of its levels.
You also visited: Ossuary.

You collected 944 gold pieces.


Innate Abilities, Weirdness & Mutations

You are immune to sickness and miasma.
Your stone body is resilient. (AC +10)
You are immune to poison.
Your large and strong wings let you fly.
You resist negative energy. (rN+)
You are resistant to electric shocks. (rElec)
You are resistant to unholy torment.
You are immune to petrification.
Your flesh is heat resistant. (rF+)
You have an increased reservoir of magic. (+10% MP)


   Skills:
 - Level 12.1(17.1) Fighting
 + Level 15.6(20.6) Axes
 - Level 4.1(9.1) Throwing
 - Level 11.0(16.0) Armour
 - Level 2.0(7.0) Dodging
 - Level 7.5(12.5) Shields
 - Level 1.0 Spellcasting
 - Level 3.0 Fire Magic
 - Level 5.7 Invocations


You had 15 spell levels left.
You didn't know any spells.
Your spell library contained the following spells:

 Spells                   Type           Power      Damage    Failure   Level
 Scorch                   Fire           18%        2d6       58%         2

Inventory:

Hand Weapons
 a - a -1 hand axe of flaming
 Y - a +4 broad axe of venom (weapon)
Armour
 d - a +0 pair of boots (worn)
 h - a +0 pair of gloves (worn)
 j - a +0 plate armour (worn)
 l - a +0 buckler (worn)
 v - a +2 cloak of poison resistance (worn)
Jewellery
 b - the ring "Nog Zora" (left hand) {rF+ Str+3 Slay+4}
   (You acquired it on level 3 of the Dungeon)

   [ring of slaying]

   Str:       It affects your strength (+3).
   Slay:      It affects your accuracy & damage with ranged weapons and melee
   (+4).
   rF:        It protects you from fire.
 f - a +6 ring of dexterity
 g - an amulet of regeneration (around neck)
 x - the ring of the Screaming Gods (right hand) {rF+ rC++}
   (You found it on level 9 of the Dungeon)

   [ring of protection from fire]

   rF:        It protects you from fire.
   rC:        It greatly protects you from cold.
Wands
 q - a wand of digging (9)
Scrolls
 n - 6 scrolls of identify
Potions
 c - 2 potions of might
 e - a potion of magic
 i - 2 potions of mutation
 k - a potion of haste
 p - a potion of resistance
 s - 9 potions of curing
 u - 6 potions of cancellation

Dungeon Overview and Level Annotations

Branches:
Dungeon (12/15)            Temple (0/1) D:5            Lair (5/5) D:9
 Shoals (0/4) Lair:3        Snake (0/4) Lair:3        Slime (0/5) Lair:4
Ossuary (visited)
    Orc: D:9-12

Altars:
Cheibriados
Dithmenos
Fedhas
Gozag
Hepliaklqana
Kikubaaqudgha
Makhleb
Nemelex Xobeh
Okawaru
Qazlal
Ru
Sif Muna
Uskayaw
Vehumet
Yredelemnul
Jiyva

Shops:
D:4 (*

Annotations:
D:7 1 runed translucent door, Crazy Yiuf
Lair:4 3 runed translucent doors, Nyzic's ghost, journeyman TrMo
Lair:5 3 runed translucent doors, Roamotoc's ghost, journeyman GrCA; qw's ghost, journeyman GrCA


Message History

The obsidian statue's eyes glow briefly.
The obsidian statue draws you further into its thrall.
The hellwing hits you but does no damage. x2
The ice devil hits you. The ice devil freezes you! You resist.
You slice the hellwing!!
You kill the hellwing!
The hellwing disappears in a puff of smoke!
You hit the ice devil but do no damage. You block the red devil's attack.
The obsidian statue slips into the dungeon's darkness for a moment.
The obsidian statue's eyes glow briefly.
You slice the ice devil!!
The ice devil looks as sick as possible!
The ice devil is heavily wounded.
The ice devil completely misses you.
The red devil hits you from afar with a +0 trident!
Barbed spikes become lodged in your body.
You barely miss the ice devil.
The ice devil is severely wounded.
The obsidian statue's eyes glow briefly.
The ice devil closely misses you. The red devil completely misses you.
You completely miss the ice devil.
The ice devil is severely wounded.
You slash the crimson imp!
You kill the crimson imp!
The crimson imp disappears in a puff of smoke!
The obsidian statue's eyes glow briefly.
The ice devil misses you.
You slash the ice devil!
The ice devil is almost dead.
You hit the ice devil.
The ice devil is poisoned.
You block the red devil's attack.
You slice the ice devil!!
You kill the ice devil!
The ice devil disappears in a puff of smoke!
You slash the ice devil!
The ice devil looks as sick as possible!
The ice devil hits you but does no damage.
The red devil hits you from afar with a +0 trident!
You die... ###### ###57### .548+ 77ยค47

77.@7
#7...7
#...##
#....#
##...#####
#...##8P.+
##...'..###
##...'...P#
#.P..####.#


You could see an obsidian statue (mesmerising), an ice devil (summoned,
extremely poisoned), a red devil (summoned), an iron imp (summoned) and a
crimson imp (summoned).

Vanquished Creatures
  3 hydras
  A catoblepas (Lair:5)
  3 two-headed ogres
  2 boulder beetles
  2 spectral death yaks (Lair:5)
  2 skysharks
  An orc knight (D:8)
  2 necromancers (Lair:5)
  A deep elf zephyrmancer (D:9)
  A lindwurm (Lair:2)
  Pikel (D:7)
  An ugly thing (D:8)
  A manticore (D:8)
  A salamander (Lair:3)
  7 elephants (Lair:5)
  A torpor snail (Lair:4)
  9 komodo dragons
  6 cane toads
  Maggie (D:6)
  7 rime drakes
  3 polar bears
  2 trolls
  19 dream sheep
  9 blink frogs
  A spectral elephant (Lair:5)
  A slime creature (D:8)
  44 yaks
  4 wyverns
  2 humans (D:9)
  Eustachio (D:6)
  3 basilisks
  10 fire elementals
  4 steam dragons
  A vampire mosquito (D:8)
  A warg (D:8)
  A death yak simulacrum (Lair:5)
  A spectral cane toad (Lair:5)
  An acid dragon (D:8)
  18 water moccasins
  An orc warrior (D:9)
  A black bear (D:6)
  An ice beast (D:8)
  2 elephant zombies (Lair:5)
  5 sky beasts
  5 ogres
  12 wolves (Lair:2)
  4 lemures (D:7)
  4 phantoms
  9 centaurs
  An elephant skeleton (Lair:5)
  2 kobold brigands (D:9)
  7 bullfrogs
  An elf zombie (Ossuary)
  A gnoll sergeant (D:8)
  6 scorpions
  2 cane toad simulacra (Lair:5)
  3 wights
  7 killer bees
  4 howler monkeys
  An electric eel (Lair:5)
  4 lava snakes (Lair:3)
  5 jellies
  5 orc priests
  A human zombie (Ossuary)
  A gnoll bouda (D:7)
  6 iguanas
  7 orc wizards
  3 mummies (Ossuary)
  12 adders
  15 white imps
  3 ufetubi
  An adder zombie (Ossuary)
  2 worms (D:3)
  2 dart slugs
  29 orcs
  2 ball pythons (D:1)
  3 bats (D:1)
  11 endoplasms
  5 giant cockroaches
  8 goblins
  13 hobgoblins
  6 quokkas
  2 frilled lizards (D:1)
  2 hobgoblin zombies (Ossuary)
  26 kobolds
  4 kobold zombies (Ossuary)
  An orc zombie (Ossuary)
  3 quokka zombies (Ossuary)
  3 rats (D:2)
  5 rat zombies (Ossuary)
  A spectral orc (D:8)
449 creatures vanquished.

Vanquished Creatures (others)
  A wight (D:7)
  An orc wizard (D:3)
2 creatures vanquished.

Grand Total: 451 creatures vanquished

Notes
Turn   | Place    | Note
-------+----------+-------------------------------------------
     0 | D:1      | qw the Gargoyle Cinder Acolyte began the quest for the Orb.
     0 | D:1      | Reached XP level 1. HP: 14/14 MP: 2/2
     0 | D:1      | 0 ||| qw: Version: 0.2-a-94-gb5d2a68
     0 | D:1      | 0 ||| qw: Game counter: 63
     0 | D:1      | 0 ||| qw: Always use a shield: true
     0 | D:1      | 0 ||| qw: God list: Okawaru
     0 | D:1      | 0 ||| qw: Allow faded altars: false
     0 | D:1      | 0 ||| qw: Do Orc after D:15 true
     0 | D:1      | 0 ||| qw: Do second Lair branch before Depths: true
     0 | D:1      | 0 ||| qw: Lair rune preference: random
     0 | D:1      | 0 ||| qw: Plans: Normal
     0 | D:1      | 0 ||| PLANNING D:1-11
   151 | D:1      | 151 ||| Stepping ~*~*~tactically~*~*~ (stealth).
   174 | D:1      | Reached skill level 3 in Axes
   179 | D:1      | 179 ||| INVOKING Fiery Armour.
   209 | D:1      | Reached XP level 2. HP: 18/19 MP: 3/3
   316 | D:1      | 316 ||| Stepping ~*~*~tactically~*~*~ (stealth).
   318 | D:1      | 318 ||| Stepping ~*~*~tactically~*~*~ (stealth).
   629 | D:1      | 629 ||| Stepping ~*~*~tactically~*~*~ (stealth).
   634 | D:1      | 634 ||| Stepping ~*~*~tactically~*~*~ (stealth).
   729 | D:1      | 729 ||| SWAPPING to +0 broad axe.
   730 | D:1      | 730 ||| READING scroll labelled XEF SATAANEAT.
   731 | D:1      | 731 ||| READING scroll labelled QEV JA PUOGE.
   732 | D:1      | 732 ||| READING scroll labelled HUYGRA YFYMN.
   733 | D:1      | 733 ||| READING scroll labelled RIZEEZX KUILAC.
   734 | D:1      | 734 ||| READING scroll labelled XIEMYU KUF RAS.
   735 | D:1      | 735 ||| READING scroll labelled NUUZAN XUTO.
   736 | D:1      | 736 ||| DRINKING 2 cyan potions.
   737 | D:1      | 737 ||| DRINKING 2 bubbling grey potions.
   738 | D:1      | 738 ||| DRINKING 2 orange potions.
   777 | D:1      | 777 ||| DROPPING potion of lignification.
   839 | D:2      | Reached XP level 3. HP: 23/23 MP: 4/4
   857 | D:2      | 857 ||| Stepping ~*~*~tactically~*~*~ (stealth).
   859 | D:2      | 859 ||| Stepping ~*~*~tactically~*~*~ (stealth).
   917 | D:2      | 917 ||| Stepping ~*~*~tactically~*~*~ (stealth).
   922 | D:2      | Reached skill level 4 in Axes
  1014 | D:2      | 1014 ||| Stepping ~*~*~tactically~*~*~ (hiding).
  1278 | D:2      | Reached XP level 4. HP: 22/28 MP: 5/5
  1394 | D:2      | 1394 ||| Stepping ~*~*~tactically~*~*~ (stealth).
  1400 | D:2      | Found an ancient bone altar of Kikubaaqudgha.
  1475 | D:2      | 1475 ||| Stepping ~*~*~tactically~*~*~ (stealth).
  1613 | D:2      | 1613 ||| UPGRADING to +0 pair of boots.
  1618 | D:2      | 1618 ||| UPGRADING to +0 ring mail.
  1628 | D:2      | 1628 ||| DROPPING +0 robe.
  1629 | D:2      | 1629 ||| READING 2 scrolls labelled XUIMOK ZAKKOA.
  1630 | D:2      | 1630 ||| READING scroll labelled JUIDGH OSTYTH.
  1631 | D:2      | 1631 ||| DRINKING 2 dark potions.
  1632 | D:2      | 1632 ||| DROPPING scroll of immolation.
  1668 | D:3      | 1668 ||| STAIRDANCE
  1701 | D:3      | Reached skill level 1 in Armour
  1894 | D:3      | Found a burning altar of Makhleb.
  1894 | D:3      | Found a stormy altar of Qazlal.
  1924 | D:3      | 1924 ||| Stepping ~*~*~tactically~*~*~ (hiding).
  1925 | D:3      | 1925 ||| Stepping ~*~*~tactically~*~*~ (hiding).
  1934 | D:3      | 1934 ||| DRINKING potion of curing.
  1934 | D:3      | 1934 ||| (to cure confusion)
  1937 | D:3      | 1937 ||| INVOKING Fiery Armour.
  1939 | D:3      | Reached XP level 5. HP: 15/32 MP: 6/6
  1942 | D:3      | HP: 6/32 [orc/+0 trident (4)]
  1943 | D:3      | Reached skill level 5 in Axes
  1943 | D:3      | 1943 ||| DRINKING potion of heal wounds.
  2101 | D:3      | Found an opulent altar of Gozag.
  2133 | D:3      | 2133 ||| Stepping ~*~*~tactically~*~*~ (hiding).
  2525 | D:3      | 2525 ||| UPGRADING to +0 scale mail.
  2535 | D:3      | 2535 ||| DROPPING +0 ring mail.
  2536 | D:3      | 2536 ||| READING scroll labelled INANESCHYCS.
  2539 | D:3      | 2539 ||| READING 2 scrolls labelled LEOKIYCETI.
  2539 | D:3      | Identified 2 scrolls of acquirement
  2539 | D:3      | 2539 ||| ACQUIRING ring "Nog Zora" {rF+ Str+3 Slay+4}
  2539 | D:3      | Acquired the ring "Nog Zora" {rF+ Str+3 Slay+4}
  2541 | D:3      | 2541 ||| UPGRADING to ring "Nog Zora" {rF+ Str+3 Slay+4}.
  2542 | D:3      | 2542 ||| READING scroll of acquirement.
  2542 | D:3      | 2542 ||| ACQUIRING ring of fire
  2542 | D:3      | Acquired a ring of fire
  2544 | D:3      | 2544 ||| DRINKING 2 murky green potions.
  2545 | D:3      | 2545 ||| DROPPING potion of magic.
  2592 | D:4      | 2592 ||| Stepping ~*~*~tactically~*~*~ (hiding).
  2618 | D:4      | Found a shadowy altar of Dithmenos.
  2655 | D:4      | 2655 ||| UPGRADING to +0 cloak.
  2668 | D:4      | 2668 ||| STAIRDANCE
  2669 | D:3      | Found a hide-covered altar of Uskayaw.
  2717 | D:4      | Reached skill level 1 in Throwing
  2717 | D:4      | Reached XP level 6. HP: 35/39 MP: 7/7
  2801 | D:4      | Reached skill level 3 in Armour
  2997 | D:4      | Found Etamm's Fire Supplies.
  3012 | D:4      | 3012 ||| SHOPLISTING ring of protection from fire (250
                  | gold, have 214).
  3048 | D:4      | Reached XP level 7. HP: 25/44 MP: 8/8
  3117 | D:4      | 3117 ||| Stepping ~*~*~tactically~*~*~ (hiding).
  3311 | D:4      | 3311 ||| Stepping ~*~*~tactically~*~*~ (stealth).
  3312 | D:4      | 3312 ||| Stepping ~*~*~tactically~*~*~ (stealth).
  3351 | D:4      | 3351 ||| Stepping ~*~*~tactically~*~*~ (stealth).
  3364 | D:4      | Reached skill level 6 in Axes
  3563 | D:4      | Found Zomagi's Weapon Shoppe.
  3605 | D:4      | Found a radiant altar of Vehumet.
  3836 | D:4      | Identified the +1 leather armour of the Sky {Contam Int+2
                  | Dex+3 Stlth+}
  3837 | D:4      | 3837 ||| Stepping ~*~*~tactically~*~*~ (stealth).
  3838 | D:4      | 3838 ||| Stepping ~*~*~tactically~*~*~ (stealth).
  3840 | D:4      | 3840 ||| Stepping ~*~*~tactically~*~*~ (hiding).
  3933 | D:4      | 3933 ||| READING scroll labelled FURUUT WEXISEICIL.
  3934 | D:4      | 3934 ||| READING scroll labelled ZUPTYZYGRAM.
  3935 | D:4      | 3935 ||| DRINKING 2 fuming coppery potions.
  3935 | D:4      | Gained mutation: Your large and strong wings let you fly.
                  | [potion of mutation]
  3935 | D:4      | Gained mutation: You have an increased reservoir of magic.
                  | (+10% MP) [potion of mutation]
  3935 | D:4      | Gained mutation: Your flesh is heat resistant. (rF+)
                  | [potion of mutation]
  3945 | D:4      | 3945 ||| UPGRADING to ring of ice.
  3946 | D:4      | 3946 ||| DRINKING 2 inky potions.
  4050 | D:4      | 4050 ||| DRINKING 2 bubbling green potions.
  4051 | D:4      | 4051 ||| DROPPING potion of berserk rage.
  4084 | D:5      | Entered Level 5 of the Dungeon
  4242 | D:5      | Reached skill level 7 in Axes
  4324 | D:5      | 4324 ||| Stepping ~*~*~tactically~*~*~ (hiding).
  4512 | D:5      | Found a staircase to the Ecumenical Temple.
  4524 | D:5      | 4524 ||| READING scroll of teleportation.
  4547 | D:5      | Found a blossoming altar of Fedhas.
  4548 | D:5      | 4548 ||| Stepping ~*~*~tactically~*~*~ (hiding).
  4565 | D:5      | 4565 ||| Stepping ~*~*~tactically~*~*~ (hiding).
  4669 | D:5      | 4669 ||| Stepping ~*~*~tactically~*~*~ (stealth).
  4671 | D:5      | 4671 ||| Stepping ~*~*~tactically~*~*~ (hiding).
  4766 | D:5      | 4766 ||| INVOKING Fiery Armour.
  4767 | D:5      | HP: 10/44 [centaur/arrow (6)]
  4768 | D:5      | 4768 ||| DRINKING 3 potions of heal wounds.
  4775 | D:5      | Reached XP level 8. HP: 30/49 MP: 10/10
  5240 | D:5      | 5240 ||| Stepping ~*~*~tactically~*~*~ (stealth).
  5242 | D:5      | 5242 ||| Stepping ~*~*~tactically~*~*~ (stealth).
  5519 | D:5      | Found a shimmering blue altar of Sif Muna.
  5954 | D:5      | 5954 ||| DRINKING 2 fizzy emerald potions.
  5955 | D:5      | 5955 ||| READING 2 scrolls of identify.
  5955 | D:5      | 5955 ||| IDENTIFYING fuming amethyst potion
  5956 | D:5      | 5956 ||| DROPPING potion of invisibility.
  5957 | D:5      | 5957 ||| DROPPING potion of flight.
  5983 | D:6      | 5983 ||| PLANNING OSSUARY
  5989 | D:6      | 5989 ||| STAIRDANCE
  5993 | D:5      | Reached skill level 8 in Axes
  6038 | D:6      | Reached skill level 6 in Fighting
  6059 | D:6      | Found a sand-covered staircase.
  6106 | Ossuary  | Entered an ossuary
  6285 | Ossuary  | 6285 ||| READING scroll of teleportation.
  6359 | Ossuary  | 6359 ||| READING scroll labelled INEAKU AHEAK.
  6360 | Ossuary  | 6360 ||| DRINKING 2 purple potions.
  6361 | Ossuary  | 6361 ||| READING 2 scrolls of identify.
  6361 | Ossuary  | 6361 ||| IDENTIFYING metallic puce potion
  6362 | Ossuary  | 6362 ||| DROPPING potion of degeneration.
  6367 | D:6      | 6367 ||| PLANNING D:1-11
  6378 | D:6      | Noticed Eustachio
  6383 | D:6      | Killed Eustachio
  6384 | D:6      | Reached skill level 9 in Axes
  6384 | D:6      | Reached XP level 9. HP: 36/55 MP: 11/11
  6704 | D:6      | 6704 ||| Stepping ~*~*~tactically~*~*~ (stealth).
  6846 | D:6      | 6846 ||| INVOKING Fiery Armour.
  6847 | D:6      | HP: 14/57 [yak (6)]
  6848 | D:6      | Reached skill level 10 in Axes
  6848 | D:6      | 6848 ||| DRINKING 2 potions of heal wounds.
  6850 | D:6      | Reached skill level 1 in Dodging
  7327 | D:6      | Found a snail-covered altar of Cheibriados.
  7427 | D:6      | 7427 ||| DROPPING +2 leather armour of fire resistance.
  7428 | D:6      | 7428 ||| UPGRADING to +0 buckler.
  7433 | D:6      | 7433 ||| UPGRADING to +0 chain mail.
  7443 | D:6      | 7443 ||| DROPPING +0 scale mail.
  7444 | D:6      | 7444 ||| DROPPING ring of fire.
  7445 | D:6      | 7445 ||| READING 2 scrolls of identify.
  7445 | D:6      | 7445 ||| IDENTIFYING smoky clear potion
  7446 | D:6      | 7446 ||| DROPPING potion of brilliance.
  7449 | D:7      | Noticed Maggie
  7451 | D:7      | 7451 ||| STAIRDANCE
  7456 | D:6      | Reached skill level 1 in Shields
  7494 | D:7      | Reached XP level 10. HP: 56/63 MP: 12/12
  7494 | D:7      | 7494 ||| STAIRDANCE
  7500 | D:6      | Killed Maggie
  7601 | D:7      | 7601 ||| Stepping ~*~*~tactically~*~*~ (hiding).
  7640 | D:7      | Noticed a two-headed ogre
  7649 | D:7      | 7649 ||| INVOKING Fiery Armour.
  7650 | D:7      | Killed a two-headed ogre
  8003 | D:7      | Noticed Pikel
  8004 | D:7      | 8004 ||| Stepping ~*~*~tactically~*~*~ (stealth).
  8006 | D:7      | 8006 ||| Stepping ~*~*~tactically~*~*~ (stealth).
  8036 | D:7      | Killed Pikel
  8048 | D:7      | Found a runed translucent door.
  8049 | D:7      | Noticed Crazy Yiuf
  8288 | D:7      | 8288 ||| READING scroll of enchant weapon.
  8288 | D:7      | 8288 ||| ENCHANTING +1 broad axe of venom.
  8409 | D:7      | Found a sparkling altar of Nemelex Xobeh.
  8597 | D:7      | 8597 ||| UPGRADING to +0 pair of gloves.
  8602 | D:7      | 8602 ||| READING 2 scrolls labelled QITHRO ZYOR.
  8603 | D:7      | 8603 ||| DROPPING scroll of noise.
  8684 | D:8      | 8684 ||| STAIRDANCE
  8907 | D:8      | 8907 ||| Stepping ~*~*~tactically~*~*~ (stealth).
  8909 | D:8      | 8909 ||| Stepping ~*~*~tactically~*~*~ (hiding).
  8922 | D:8      | 8922 ||| Stepping ~*~*~tactically~*~*~ (stealth).
  8935 | D:8      | 8935 ||| Stepping ~*~*~tactically~*~*~ (stealth).
  8937 | D:8      | 8937 ||| Stepping ~*~*~tactically~*~*~ (stealth).
  8945 | D:8      | 8945 ||| Stepping ~*~*~tactically~*~*~ (stealth).
  8946 | D:8      | 8946 ||| Stepping ~*~*~tactically~*~*~ (stealth).
  8947 | D:8      | 8947 ||| Stepping ~*~*~tactically~*~*~ (stealth).
  8978 | D:8      | Found a hazy altar of Hepliaklqana.
  9035 | D:8      | 9035 ||| Stepping ~*~*~tactically~*~*~ (hiding).
  9041 | D:8      | Reached skill level 6 in Armour
  9091 | D:8      | Reached skill level 3 in Throwing
  9159 | D:8      | 9159 ||| Stepping ~*~*~tactically~*~*~ (hiding).
  9170 | D:8      | 9170 ||| Stepping ~*~*~tactically~*~*~ (stealth).
  9171 | D:8      | 9171 ||| Stepping ~*~*~tactically~*~*~ (hiding).
  9172 | D:8      | 9172 ||| Stepping ~*~*~tactically~*~*~ (stealth).
  9179 | D:8      | Reached skill level 11 in Axes
  9180 | D:8      | 9180 ||| Stepping ~*~*~tactically~*~*~ (hiding).
  9241 | D:8      | Reached skill level 9 in Fighting
  9241 | D:8      | Reached XP level 11. HP: 58/71 MP: 13/13
  9612 | D:8      | 9612 ||| Stepping ~*~*~tactically~*~*~ (hiding).
  9619 | D:8      | 9619 ||| INVOKING Fiery Armour.
  9621 | D:8      | 9621 ||| Stepping ~*~*~tactically~*~*~ (hiding).
  9788 | D:8      | 9788 ||| Stepping ~*~*~tactically~*~*~ (stealth).
  9791 | D:8      | 9791 ||| Stepping ~*~*~tactically~*~*~ (hiding).
  9901 | D:8      | Noticed an orc knight
  9902 | D:8      | 9902 ||| INVOKING Fiery Armour.
  9913 | D:8      | Killed an orc knight
  9957 | D:8      | 9957 ||| Stepping ~*~*~tactically~*~*~ (hiding).
  9971 | D:8      | Noticed a manticore
  9972 | D:8      | 9972 ||| Stepping ~*~*~tactically~*~*~ (stealth).
  9974 | D:8      | 9974 ||| Stepping ~*~*~tactically~*~*~ (hiding).
  9984 | D:8      | Killed a manticore
 10055 | D:8      | Noticed a two-headed ogre
 10056 | D:8      | 10056 ||| INVOKING Fiery Armour.
 10056 | D:8      | Noticed a red ugly thing
 10063 | D:8      | Killed a two-headed ogre
 10064 | D:8      | Reached skill level 12 in Axes
 10069 | D:8      | Killed a red ugly thing
 10078 | D:8      | Noticed a boulder beetle
 10079 | D:8      | Reached skill level 6 in Shields
 10079 | D:8      | 10079 ||| Stepping ~*~*~tactically~*~*~ (stealth).
 10080 | D:8      | 10080 ||| Stepping ~*~*~tactically~*~*~ (stealth).
 10092 | D:8      | HP: 12/71 [boulder beetle (16)]
 10093 | D:8      | 10093 ||| DRINKING potion of heal wounds.
 10094 | D:8      | Killed a boulder beetle
 10184 | D:8      | Identified the +4 hand axe of Peril {heavy, rC+ rCorr
                  | Stlth+}
 10284 | D:8      | Found a basalt altar of Yredelemnul.
 10445 | D:8      | Found a sacrificial altar of Ru.
 10659 | D:8      | 10659 ||| UPGRADING to +2 cloak of poison resistance.
 10669 | D:8      | 10669 ||| DROPPING +0 cloak.
 10670 | D:8      | 10670 ||| UPGRADING to +6 ring of dexterity.
 10672 | D:8      | 10672 ||| READING scroll labelled WOETAU WIAKITO.
 10673 | D:8      | 10673 ||| READING 2 scrolls of identify.
 10673 | D:8      | 10673 ||| IDENTIFYING sapphire potion
 10750 | D:9      | Found a staircase to the Lair.
 10754 | D:9      | 10754 ||| Stepping ~*~*~tactically~*~*~ (hiding).
 10773 | D:9      | 10773 ||| Stepping ~*~*~tactically~*~*~ (hiding).
 10774 | D:9      | 10774 ||| Stepping ~*~*~tactically~*~*~ (hiding).
 10829 | D:9      | 10829 ||| Stepping ~*~*~tactically~*~*~ (hiding).
 10883 | D:9      | 10883 ||| Stepping ~*~*~tactically~*~*~ (stealth).
 10885 | D:9      | 10885 ||| Stepping ~*~*~tactically~*~*~ (hiding).
 10921 | D:9      | 10921 ||| Stepping ~*~*~tactically~*~*~ (hiding).
 10933 | D:9      | 10933 ||| Stepping ~*~*~tactically~*~*~ (stealth).
 10956 | D:9      | Identified the ring of the Screaming Gods {rF+ rC++}
 11005 | D:9      | You are sucked into a shaft and drop 3 floors!
 11006 | D:12     | 11006 ||| DROPPING +1 ring mail of fire resistance.
 11007 | D:12     | 11007 ||| UPGRADING to +0 plate armour.
 11017 | D:12     | 11017 ||| DROPPING +0 chain mail.
 11018 | D:12     | 11018 ||| DROPPING ring of protection from fire.
 11019 | D:12     | 11019 ||| DROPPING ring of ice.
 11020 | D:12     | 11020 ||| UPGRADING to ring of the Screaming Gods {rF+
                  | rC++}.
 11043 | D:10     | Entered Level 10 of the Dungeon
 11231 | D:9      | Noticed a two-headed ogre
 11237 | D:9      | 11237 ||| INVOKING Fiery Armour.
 11239 | D:9      | Killed a two-headed ogre
 11466 | D:9      | 11466 ||| Stepping ~*~*~tactically~*~*~ (hiding).
 11551 | D:9      | 11551 ||| READING scroll of enchant weapon.
 11551 | D:9      | 11551 ||| ENCHANTING +2 broad axe of venom.
 11642 | D:9      | Found an iron altar of Okawaru.
 11740 | D:9      | Noticed a deep elf zephyrmancer
 11750 | D:9      | Killed a deep elf zephyrmancer
 11751 | D:9      | Reached skill level 9 in Armour
 11898 | D:9      | 11898 ||| PLANNING LAIR
 11898 | D:9      | 11898 ||| READING scroll labelled NESOTU KEWO.
 12024 | Lair:1   | Entered Level 1 of the Lair of Beasts
 12042 | Lair:1   | 12042 ||| Stepping ~*~*~tactically~*~*~ (hiding).
 12049 | Lair:1   | Reached XP level 12. HP: 77/77 MP: 14/14
 12334 | Lair:1   | 12334 ||| INVOKING Fiery Armour.
 12507 | Lair:1   | You are sucked into a shaft and drop 1 floor!
 12525 | Lair:2   | 12525 ||| READING scroll of teleportation.
 12534 | Lair:2   | Reached skill level 13 in Axes
 12727 | Lair:1   | 12727 ||| Stepping ~*~*~tactically~*~*~ (stealth).
 12733 | Lair:1   | 12733 ||| Stepping ~*~*~tactically~*~*~ (stealth).
 12896 | Lair:2   | 12896 ||| Stepping ~*~*~tactically~*~*~ (hiding).
 13051 | Lair:2   | 13051 ||| INVOKING Fiery Armour.
 13144 | Lair:2   | Noticed a boulder beetle
 13145 | Lair:2   | 13145 ||| INVOKING Fiery Armour.
 13161 | Lair:2   | Killed a boulder beetle
 13622 | Lair:2   | 13622 ||| READING scroll of teleportation.
 13796 | Lair:3   | 13796 ||| Stepping ~*~*~tactically~*~*~ (hiding).
 13802 | Lair:3   | 13802 ||| INVOKING Fiery Armour.
 13824 | Lair:3   | Found a frozen archway.
 13825 | Lair:3   | 13825 ||| PLANNING OKAWARU WORSHIP
 13907 | D:9      | Fell from the grace of Ignis
 13907 | D:9      | Became a worshipper of Warmaster Okawaru
 13908 | D:9      | 13908 ||| PLANNING LAIR
 14033 | Lair:3   | Reached skill level 14 in Axes
 14060 | Lair:3   | Found a staircase to the Shoals.
 14096 | Lair:3   | 14096 ||| Stepping ~*~*~tactically~*~*~ (cloud).
 14099 | Lair:3   | Noticed a four-headed hydra
 14106 | Lair:3   | 14106 ||| SWAPPING to -1 hand axe of flaming.
 14114 | Lair:3   | Killed a one-headed hydra
 14115 | Lair:3   | 14115 ||| SWAPPING to +3 broad axe of venom.
 14140 | Lair:3   | HP: 18/77 [fire elemental[the fiery vengeance of Ignis]
                  | (12)]
 14140 | Lair:3   | HP: 4/77 [fire elemental[the fiery vengeance of Ignis] (9)]
 14141 | Lair:3   | 14141 ||| DRINKING potion of heal wounds.
 14380 | Lair:3   | Found a staircase to the Snake Pit.
 14381 | Lair:3   | 14381 ||| Stepping ~*~*~tactically~*~*~ (hiding).
 14390 | Lair:3   | Reached * piety under Okawaru
 14397 | Lair:3   | Reached skill level 1 in Invocations
 14397 | Lair:3   | Reached XP level 13. HP: 69/82 MP: 15/15
 14411 | Lair:3   | 14411 ||| INVOKING Heroism.
 14629 | Lair:3   | You are sucked into a shaft and drop 2 floors!
 14629 | Lair:5   | Entered Level 5 of the Lair of Beasts
 14630 | Lair:5   | 14630 ||| Stepping ~*~*~tactically~*~*~ (stealth).
 14659 | Lair:5   | Reached skill level 3 in Invocations
 14689 | Lair:5   | 14689 ||| Stepping ~*~*~tactically~*~*~ (stealth).
 14690 | Lair:5   | 14690 ||| Stepping ~*~*~tactically~*~*~ (stealth).
 14696 | Lair:5   | 14696 ||| Stepping ~*~*~tactically~*~*~ (stealth).
 14700 | Lair:5   | 14700 ||| Stepping ~*~*~tactically~*~*~ (stealth).
 14701 | Lair:5   | 14701 ||| Stepping ~*~*~tactically~*~*~ (stealth).
 14712 | Lair:5   | Reached ** piety under Okawaru
 14764 | Lair:4   | 14764 ||| Stepping ~*~*~tactically~*~*~ (stealth).
 14767 | Lair:4   | 14767 ||| Stepping ~*~*~tactically~*~*~ (stealth).
 14768 | Lair:4   | 14768 ||| INVOKING Heroism.
 14797 | Lair:4   | 14797 ||| INVOKING Heroism.
 14905 | Lair:4   | 14905 ||| Stepping ~*~*~tactically~*~*~ (stealth).
 15018 | Lair:4   | 15018 ||| INVOKING Heroism.
 15198 | Lair:3   | 15198 ||| Stepping ~*~*~tactically~*~*~ (stealth).
 15213 | Lair:3   | Reached *** piety under Okawaru
 15354 | Lair:3   | 15354 ||| Stepping ~*~*~tactically~*~*~ (stealth).
 15561 | Lair:4   | Noticed Nyzic's ghost (journeyman TrMo)
 15563 | Lair:4   | Noticed a minotaur
 15698 | Lair:4   | 15698 ||| INVOKING Heroism.
 15738 | Lair:4   | Found a viscous altar of Jiyva.
 15741 | Lair:4   | 15741 ||| Stepping ~*~*~tactically~*~*~ (stealth).
 15741 | Lair:4   | Found a staircase to the Slime Pits.
 15742 | Lair:4   | 15742 ||| INVOKING Heroism.
 15758 | Lair:4   | Reached skill level 15 in Axes
 15788 | Lair:4   | 15788 ||| INVOKING Heroism.
 15805 | Lair:4   | 15805 ||| INVOKING Heroism.
 15896 | Lair:4   | 15896 ||| INVOKING Heroism.
 16040 | Lair:4   | 16040 ||| INVOKING Heroism.
 16477 | Lair:4   | You are sucked into a shaft and drop 1 floor!
 16543 | Lair:5   | 16543 ||| INVOKING Heroism.
 16551 | Lair:5   | 16551 ||| SWAPPING to -1 hand axe of flaming.
 16556 | Lair:5   | 16556 ||| SWAPPING to +3 broad axe of venom.
 16600 | Lair:5   | 16600 ||| UPGRADING to amulet of regeneration.
 16863 | Lair:4   | Found a runed translucent gate.
 16863 | Lair:4   | Found a runed translucent gate.
 16863 | Lair:4   | Found a runed translucent gate.
 17013 | Lair:4   | 17013 ||| DROPPING amulet of faith.
 17153 | Lair:5   | 17153 ||| INVOKING Heroism.
 17178 | Lair:5   | 17178 ||| INVOKING Heroism.
 17204 | Lair:5   | 17204 ||| INVOKING Heroism.
 17207 | Lair:5   | 17207 ||| SWAPPING to -1 hand axe of flaming.
 17212 | Lair:5   | Reached skill level 12 in Fighting
 17215 | Lair:5   | 17215 ||| SWAPPING to +3 broad axe of venom.
 17303 | Lair:5   | 17303 ||| INVOKING Heroism.
 17373 | Lair:5   | Found a runed translucent gate.
 17373 | Lair:5   | Found a runed translucent gate.
 17380 | Lair:5   | 17380 ||| READING scroll of enchant weapon.
 17380 | Lair:5   | 17380 ||| ENCHANTING +3 broad axe of venom.
 17416 | Lair:5   | Was forgiven by Ignis
 17453 | Lair:5   | Found a runed translucent gate.
 17456 | Lair:5   | Noticed qw's ghost (journeyman GrCA)
 17456 | Lair:5   | Noticed qw's ghost (journeyman GrCA)
 17456 | Lair:5   | Noticed Roamotoc's ghost (journeyman GrCA)
 17482 | Lair:5   | Noticed a dire elephant
 17482 | Lair:5   | Noticed a dire elephant
 17483 | Lair:5   | Noticed a dire elephant
 17493 | Lair:5   | Mutation became permanent: Your large and strong wings let
                  | you fly. [Gargoyle growth]
 17493 | Lair:5   | Gained mutation: Your large and strong wings let you fly.
                  | [Gargoyle growth]
 17493 | Lair:5   | Reached XP level 14. HP: 84/92 MP: 18/18
 17515 | Lair:5   | Reached **** piety under Okawaru
 17539 | Lair:5   | 17539 ||| Stepping ~*~*~tactically~*~*~ (stealth).
 17554 | Lair:5   | 17554 ||| Stepping ~*~*~tactically~*~*~ (hiding).
 17597 | Lair:5   | 17597 ||| Stepping ~*~*~tactically~*~*~ (hiding).
 17598 | Lair:5   | 17598 ||| Stepping ~*~*~tactically~*~*~ (hiding).
 17614 | Lair:5   | 17614 ||| INVOKING Heroism.
 17801 | Lair:5   | 17801 ||| INVOKING Heroism.
 17803 | Lair:5   | 17803 ||| Stepping ~*~*~tactically~*~*~ (hiding).
 17819 | Lair:5   | 17819 ||| Stepping ~*~*~tactically~*~*~ (hiding).
 17831 | Lair:5   | 17831 ||| INVOKING Heroism.
 17867 | Lair:5   | 17867 ||| INVOKING Heroism.
 17885 | Lair:5   | 17885 ||| INVOKING Heroism.
 17888 | Lair:5   | 17888 ||| DRINKING 7 potions of cancellation.
 17922 | Lair:5   | 17922 ||| INVOKING Heroism.
 17933 | Lair:5   | HP: 20/92 [sixfirhy[an obsidian statue] (4)]
 17943 | Lair:5   | 17943 ||| INVOKING Heroism.
 17948 | Lair:5   | HP: 22/92 [ice devil[an obsidian statue] (6)]
 17950 | Lair:5   | HP: 3/92 [red devil/+0 trident[an obsidian statue] (13)]
 17954 | Lair:5   | Mangled by a red devil

Levels and vault maps discovered:
D:1:      dpeg_arrival_castle, layout_basic, minmay_tiny_reverse_x
D:2:      layout_loops_ring, basic_altar, minmay_cut_off
D:3:      layout_loops_cross, mainiacjoe_overflow_paths,
          nicolae_overflow_hidden_temple
D:4:      layout_basic, vehumet_altar_wand_db, grunt_dithmenos_smoke,
          serial_shops, nicolae_shop_waterfront, nicolae_shop_fire_sale
          [nicolae_sub_dead_trees]
D:5:      kb_forest_paths, layout_layer_cave, lemuel_blue_sif_altar,
          fedhas_bush_and_centaur_altar, temple_fountains, serial_glass,
          glass_columns_b, glass_columns_a, glass_columns_a, glass_columns_b
D:6:      layout_loops_corners, mainiacjoe_overflow_surrounded_room,
          enter_ossuary_1, uniq_eustachio
D:7:      layout_loops_ring, nemelex_diamond_rough_becter,
          dreamdust_gnoll_shepherd, uniq_crazy_yiuf_cottage, uniq_pikel,
          uniq_maggie
D:8:      layout_basic, mainiacjoe_overflow_concentric_impassable,
          yredelemnul_forgotten_temple_becter, nicolae_ru_the_path_less_chosen,
          minmay_the_grid_2x2 [minmay_the_grid_gridbox,
          minmay_the_grid_odd_star, minmay_the_grid_armoury,
          minmay_the_grid_prize_inner_circle]
D:9:      layout_loops_ring, okawaru_humans, lair_entry_dummy,
          kennysheep_doodads, minivault_21, guppyfry_early_elven_hall
D:10:     layout_irregular_city, orc_0_dummy, glass_columns_a, uniq_erica
D:11:     layout_rooms, serial_ice, serial_ice_m, serial_ice_i, serial_ice_f,
          serial_ice_o, serial_ice_g, serial_ice_e, serial_ice_d, serial_ice_h,
          uniq_sonja, uniq_gastronok
D:12:     minmay_heptahexagon, layout_irregular_city
Lair:1:   layout_concentric_octagons
Lair:2:   layout_chaotic_city, nzn_sisyphean_effort
Lair:3:   layout_roguey, minmay_shoals_entry_centaurs,
          nicolae_snake_entry_warm_welcome, portal_ice_cave_entry_imps,
          chequers_serial_rivers_micro_d, grunt_megastairs_2
Lair:4:   layout_roguey, nicolae_slime_entry_slimehenge,
          maelrawn_ghost_gauntlet_escape
Lair:5:   due_jungle_book, layout_big_grid, gammafunk_ghost_cemetery,
          serial_bayou_shore_a, lemuel_fruit_tree, infiniplex_staircase_pool_2,
          grunt_megastairs_1

Skill      XL: |  1  2  3  4  5  6  7  8  9 10 11 12 13 14 |
---------------+-------------------------------------------+-----
Axes           | 3 4 5 7 9 10 11 12 14 15 | 15.6
Armour         | 1 3 4 6 9 10 11 | 11.0
Fighting       | 4 5 6 7 9 10 12 | 12.1
Throwing       | 1 2 3 4 |  4.1
Dodging        | 1 2 |  2.0
Shields        | 2 5 6 7 |  7.5
Invocations    | 1 4 5 |  5.7
Spellcasting   | |  1.0
Fire Magic     | |  3.0

Action                     |  1- 3 |  4- 6 |  7- 9 | 10-12 | 13-15 || total
---------------------------+-------+-------+-------+-------+-------++-------
  Melee: Hand axe          |    67 |       |       |     8 |    11 ||    86
         Broad axe         |    71 |    92 |   183 |   409 |   482 ||  1237
         Punch             |       |     1 |     1 |       |       ||     2
  Throw: Boomerang         |       |    10 |       |    25 |       ||    35
         Javelin           |       |    13 |    75 |   101 |     3 ||   192
 Invoke: Fiery Armour      |     1 |     1 |     2 |     9 |       ||    13
         Heroism           |       |       |       |       |    22 ||    22
    Use: Scroll            |     6 |     5 |     8 |     8 |     1 ||    28
         Potion            |     3 |     4 |     7 |     2 |     1 ||    17
   Stab: Petrified         |       |       |       |       |     1 ||     1
 Armour: Robe              |    46 |     9 |       |       |       ||    55
         Ring mail         |       |    39 |       |       |       ||    39
         Scale mail        |       |    10 |   105 |       |       ||   115
         Chain mail        |       |       |     6 |   146 |       ||   152
         Plate armour      |       |       |       |   178 |   290 ||   468
  Dodge: Dodged            |    93 |    47 |   109 |   139 |   140 ||   528
  Block: Buckler           |       |       |     3 |    67 |    70 ||   140

Table legend:
 A = Non-vault XP
 B = Vault XP
 C = Vault XP percentage of total XP
 D = Non-vault monster count
 E = Vault monster count
 F = Vault count percentage of total count
                 A         B        C        D         E       F
            +---------+---------+-------+---------+---------+-------
      Total |   42188 |   19858 |  32.0 |     318 |     119 |  27.2
            +---------+---------+-------+---------+---------+-------
        D:1 |      28 |       4 |  12.5 |      17 |       2 |  10.5
        D:2 |      72 |       3 |   4.0 |      22 |       2 |   8.3
        D:3 |     130 |       0 |   0.0 |      21 |       0 |   0.0
        D:4 |     571 |       2 |   0.3 |      22 |       1 |   4.3
        D:5 |     726 |     294 |  28.8 |      13 |       7 |  35.0
        D:6 |    2332 |     567 |  19.6 |      22 |       2 |   8.3
        D:7 |    1874 |    1429 |  43.3 |      17 |       6 |  26.1
        D:8 |    1600 |    5024 |  75.8 |      27 |      21 |  43.8
        D:9 |    2245 |     994 |  30.7 |      32 |       3 |   8.6
       D:11 |      54 |       0 |   0.0 |       1 |       0 |   0.0
     Lair:1 |    3728 |       0 |   0.0 |      14 |       0 |   0.0
     Lair:2 |    5655 |     819 |  12.7 |      28 |       1 |   3.4
     Lair:3 |    5780 |    1722 |  23.0 |      23 |      24 |  51.1
     Lair:4 |    7554 |      93 |   1.2 |      29 |       5 |  14.7
     Lair:5 |    9839 |    8704 |  46.9 |      30 |      24 |  44.4
    Ossuary |       0 |     203 | 100.0 |       0 |      21 | 100.0
            +---------+---------+-------+---------+---------+-------
